 Dungeon Crawl Stone Soup version 0.23.2-1-ga50397a (webtiles) character file.

Game seed: 7557226784554055474

13341 Nydiazath the Unseen (level 11, -6/48 HPs)
             Began as a Spriggan Enchanter on Apr 20, 2019.
             Was an Elder of Dithmenos.
             Mangled by a red ugly thing (22 damage)
             ... on level 10 of the Dungeon on Apr 30, 2019.
             The game lasted 00:53:31 (11792 turns).

Nydiazath the Unseen (Spriggan Enchanter)          Turns: 11792, Time: 00:53:34

Health: -6/48      AC:  4    Str:  4    XL:     11   Next: 74%
Magic:  34/34      EV: 18    Int: 21    God:    Dithmenos [****..]
Gold:   545        SH:  8    Dex: 22    Spells: 22/28 levels left

rFire    . . .     SeeInvis +   O - +2 dagger (venom)
rCold    . . .     Gourm    .   g - +0 buckler
rNeg     . . .     Faith    .   (armour restricted)
rPois    .         Spirit   .   G - +2 hat
rElec    .         Reflect  .   h - +1 cloak {+Inv}
rCorr    .         Harm     .   (gloves unavailable)
MR       +....                  (boots unavailable)
Stlth    +++++++++.             E - amulet of magic regeneration
HPRegen  0.16/turn              w - +6 ring of dexterity
MPRegen  0.49/turn              F - ring of magical power

@: very slightly contaminated, wreathed by umbra, invisible, very quick
A: very small, unfitting armour, see invisible, deformed body, herbivore, speed
3, slow metabolism 2
a: Shadow Step, Renounce Religion


You were on level 10 of the Dungeon.
You worshipped Dithmenos.
Dithmenos was greatly pleased with you.
You were very full.

You visited 2 branches of the dungeon, and saw 11 of its levels.
You also visited: Bailey.

You collected 545 gold pieces.

Inventory:

Hand Weapons
 a - a +1 dagger
 v - a +1 dagger of speed
 O - a +2 dagger of venom (weapon)
Armour
 b - a +0 robe
 g - a +0 buckler (worn)
 h - a +1 cloak of invisibility (worn)
 G - a +2 hat (worn)
 L - the +2 robe of the First Blessings {*Contam Str+9 Int-4 Stlth+}
   (You found it in a bailey)

   It affects your strength (+9).
   It affects your intelligence (-4).
   It causes magical contamination when unequipped.
   It makes you more stealthy.
Jewellery
 k - an uncursed ring of fire
 w - a +6 ring of dexterity (left hand)
 y - a +3 ring of protection
 E - an amulet of magic regeneration (around neck)
 F - a ring of magical power (right hand)
 Q - an uncursed ring of resist corrosion
Wands
 t - a wand of enslavement (8)
 D - a wand of iceblast (16)
 P - a wand of acid (4)
 S - a wand of random effects (12)
 T - a wand of polymorph (8)
Scrolls
 f - 2 scrolls of enchant weapon
 l - 3 scrolls of magic mapping {unknown}
 n - 8 scrolls of teleportation
 o - 4 scrolls of remove curse
 p - 9 scrolls of identify
 r - a scroll of fear {unknown}
 x - a scroll of random uselessness {unknown}
 A - a scroll of enchant armour
 C - 2 scrolls of immolation {unknown}
 J - 2 scrolls of blinking {unknown}
 M - a scroll of acquirement {unknown}
 R - a scroll of vulnerability {unknown}
Potions
 c - 4 potions of agility
 e - 4 potions of haste
 i - 2 potions of heal wounds
 j - 12 potions of degeneration
 m - 2 potions of ambrosia {unknown}
 q - 3 potions of curing {unknown}
 s - a potion of berserk rage {unknown}
 u - 2 potions of lignification {unknown}
 z - a potion of mutation
 B - 4 potions of flight {unknown}
 H - a potion of magic {unknown}
 I - a potion of brilliance {unknown}
 K - a potion of experience {unknown}
Miscellaneous
 N - a box of beasts
Comestibles
 d - 11 rations


   Skills:
 - Level 0.6 Fighting
 - Level 1.5 Short Blades
 - Level 3.0 Dodging
 + Level 15.9 Stealth
 - Level 3.7 Shields
 - Level 9.3 Spellcasting
 + Level 12.1 Hexes
 + Level 10.8 Evocations


You had 22 spell levels left.
You knew the following spells:

 Your Spells              Type           Power        Failure   Level  Hunger
a - Corona                Hex            ######.      1%          1    None
b - Ensorcelled Hibernat  Hex/Ice        #####.       1%          2    None
c - Confuse               Hex            ######..     1%          3    None

Your spell library contained the following spells:

 Spells                   Type           Power        Failure   Level  Hunger
 Confusing Touch          Hex            ######       1%          1    None
 Tukima's Dance           Hex            ######..     1%          3    None
 Dazzling Spray           Conj/Hex       #####.       2%          3    None
 Summon Guardian Golem    Hex/Summ       #####...     2%          3    None
 Beastly Appendage        Tmut           #.....       9%          1    None
 Sting                    Conj/Pois      #...         9%          1    None
 Summon Small Mammal      Summ           #...         9%          1    None
 Call Imp                 Summ           #.......     14%         2    None
 Poisonous Vapours        Pois/Air       #.....       14%         2    None
 Sticks to Snakes         Tmut           #.......     14%         2    None
 Metabolic Englaciation   Hex/Ice        #####.....   21%         5    #####..
 Yara's Violent Unravell  Hex/Tmut       #####.....   21%         5    #####..
 Call Canine Familiar     Summ           #.......     26%         3    None
 Gell's Gravitas          Tloc           #.........   26%         3    None
 Mephitic Cloud           Conj/Pois/Air  #.......     26%         3    None
 Spider Form              Tmut/Pois      #.........   26%         3    None
 Ice Form                 Ice/Tmut       #.......     65%         4    ##.....
 Olgreb's Toxic Radiance  Pois           #.......     65%         4    ##.....
 Petrify                  Tmut/Erth      #.......     65%         4    ##.....
 Summon Ice Beast         Ice/Summ       #.......     65%         4    ##.....
 Summon Lightning Spire   Summ/Air       #.......     65%         4    ##.....
 Blade Hands              Tmut           #.........   94%         5    #####..
 Venom Bolt               Conj/Pois      #.........   94%         5    #####..


Dungeon Overview and Level Annotations

Branches:
Dungeon (10/15)            Temple (1/1) D:4            Lair (0/6) D:10
    Orc: D:9-12

Altars:
Ashenzari
Cheibriados
Dithmenos
Elyvilon
Fedhas
Gozag
Hepliaklqana
Kikubaaqudgha
Makhleb
Nemelex Xobeh
Okawaru
Qazlal
Ru
Sif Muna
Trog
Uskayaw
Vehumet
Wu Jian
Xom
Yredelemnul
Zin
The Shining One


Innate Abilities, Weirdness & Mutations

You are very small and have problems with some larger weapons.
You are too small for most types of armour.
You have supernaturally acute eyesight. (SInv)
You are a herbivore.
You cover ground extremely quickly.
You need to consume almost no food.
Armour fits poorly on your strangely shaped body.


Message History

The white ugly thing looks as sick as possible!
The white ugly thing is severely wounded.
The white ugly thing basks in the mutagenic energy from its kin and changes!
You catch the helpless cyan ugly thing completely off-guard!
You stick the cyan ugly thing like a pincushion!!!
You kill the cyan ugly thing!
Dithmenos accepts your kill.
You hit the red ugly thing but do no damage.
The red ugly thing is poisoned.
The white ugly thing basks in the mutagenic energy from its kin and changes!
You see here an ugly thing corpse.
The red ugly thing closely misses you.
You hit the white very ugly thing but do no damage.
The white very ugly thing is lightly wounded.
The white very ugly thing pecks you! The white very ugly thing freezes you!!
The brown ugly thing engulfs the white ugly thing!
The white ugly thing is splashed with acid.
The acid corrodes the white ugly thing!
The red ugly thing punches you.
You are engulfed in flames!!
You die...

#..#..#.....##...'...
#.....#.#######..#...
#....##.#(....#######
#.u..#..#.....# #..
#..u.#.)#.....# #..
#....#÷.).)...# ####
#.##.#..#.[...# #...
#..uu#..#.....# #...
#...@#..#.....# #...
#..#†#..#))...####.##
#..#.#..#.###.#.†#...
#..#.#..#.###.#..#...
#....####.....#.##...
#...........###.#....
#..###....#.'...#....
#.........#.#...#..#.
#...........#...#....


You could see a white very ugly thing and 3 ugly things.

Vanquished Creatures
  Gastronok (D:8)
  An orc warlord (Bailey)
  Snorg (D:10)
  A two-headed ogre (D:8)
  2 unseen horrors (D:10)
  2 ugly things (D:10)
  A centaur zombie (D:10)
  A hornet (D:7)
  4 hippogriffs
  2 wyverns
  A vampire (D:10)
  A steam dragon (D:9)
  Edmund (D:4)
  A water moccasin (D:10)
  7 orc warriors
  3 ice beasts
  4 sky beasts
  A necrophage (D:8)
  A black bear (D:9)
  2 phantoms
  A hornet zombie (D:10)
  7 ogres
  2 centaurs
  Blork the orc (D:4)
  2 bullfrogs
  A big kobold (D:9)
  2 scorpions
  5 wights (D:10)
  7 howler monkeys
  7 crimson imps
  A bullfrog zombie (D:6)
  Crazy Yiuf (D:2)
  4 jellies
  5 hounds
  8 orc priests
  A bullfrog skeleton (D:10)
  2 centaur skeletons (D:8)
  Ijyb (D:4)
  8 iguanas
  12 orc wizards
  8 worker ants
  2 hound skeletons
  3 worker ant zombies
  4 gnolls
  8 adders
  A shadow imp (D:8)
  2 adder zombies
  An adder skeleton (D:9)
  3 worms
  5 leopard geckos
  43 orcs
  6 bats
  3 giant cockroaches
  14 goblins
  15 hobgoblins
  10 jackals
  26 kobolds
  4 quokkas
  3 ball pythons
  5 frilled lizards
  A quokka skeleton (D:5)
  A quokka zombie (D:5)
  4 rats
288 creatures vanquished.

Notes
Turn   | Place    | Note
-------+----------+-------------------------------------------
     0 | D:1      | Nydiazath the Spriggan Enchanter began the quest for the
                  | Orb.
     0 | D:1      | Reached XP level 1. HP: 9/9 MP: 5/5
   459 | D:1      | Reached XP level 2. HP: 13/13 MP: 7/7
   583 | D:1      | Reached skill level 5 in Stealth
   592 | D:1      | Learned a level 2 spell: Ensorcelled Hibernation
  1002 | D:2      | Noticed an ogre
  1242 | D:2      | Found a runed translucent door.
  1243 | D:2      | Noticed Crazy Yiuf
  1276 | D:2      | Killed Crazy Yiuf
  1276 | D:2      | Reached XP level 3. HP: 16/16 MP: 9/9
  1394 | D:2      | Found a deep blue altar of Sif Muna.
  1401 | D:2      | Found an ornate altar of the Wu Jian Council.
  1402 | D:2      | Found a basalt altar of Yredelemnul.
  1402 | D:2      | Found a shattered altar of Ashenzari.
  1402 | D:2      | Found a sacrificial altar of Ru.
  1406 | D:2      | Found a blossoming altar of Fedhas.
  1486 | D:2      | Reached skill level 6 in Stealth
  1690 | D:2      | Killed an ogre
  1690 | D:2      | Reached skill level 7 in Stealth
  1690 | D:2      | Reached XP level 4. HP: 21/21 MP: 2/11
  1690 | D:2      | Reached XP level 5. HP: 24/24 MP: 2/13
  2177 | D:2      | Reached skill level 5 in Spellcasting
  2182 | D:2      | Learned a level 3 spell: Confuse
  2513 | D:3      | Found a hazy altar of Hepliaklqana.
  2514 | D:3      | Found a white marble altar of Elyvilon.
  3270 | D:4      | Noticed Ijyb
  3277 | D:4      | Killed Ijyb
  3494 | D:4      | Noticed Blork the orc
  3513 | D:4      | Killed Blork the orc
  3513 | D:4      | Reached skill level 1 in Evocations
  3513 | D:4      | Reached XP level 6. HP: 23/28 MP: 6/15
  3601 | D:4      | Reached skill level 8 in Stealth
  4024 | D:4      | Reached XP level 7. HP: 27/32 MP: 10/17
  4114 | D:4      | Found a staircase to the Ecumenical Temple.
  4126 | Temple   | Entered the Ecumenical Temple
  4385 | Temple   | Became a worshipper of Dithmenos the Shadowed
  4454 | D:4      | Noticed Edmund
  4469 | D:4      | Killed Edmund
  4469 | D:4      | Reached skill level 5 in Hexes
  4604 | D:5      | Entered Level 5 of the Dungeon
  4619 | D:5      | Found a shattered altar of Ashenzari.
  4638 | D:5      | Reached skill level 9 in Stealth
  5119 | D:5      | Reached XP level 8. HP: 36/36 MP: 15/19
  5301 | D:5      | Noticed a hippogriff
  5309 | D:5      | Killed a hippogriff
  5347 | D:5      | Reached skill level 10 in Stealth
  5347 | D:5      | Reached skill level 1 in Shields
  5655 | D:6      | Reached * piety under Dithmenos
  6250 | D:6      | Found an opulent altar of Gozag.
  6411 | D:6      | Found an iron altar of Okawaru.
  6657 | D:7      | Reached XP level 9. HP: 29/39 MP: 19/22
  6772 | D:7      | Reached skill level 11 in Stealth
  6976 | D:7      | Paralysed by a hornet for 3 turns
  6980 | D:7      | HP: 1/39 [poisoned by a hornet]
  7771 | D:8      | Noticed a two-headed ogre
  7773 | D:8      | Killed a two-headed ogre
  7773 | D:8      | Reached skill level 12 in Stealth
  7822 | D:8      | Reached ** piety under Dithmenos
  7874 | D:8      | Found a flagged portal.
  7934 | Bailey   | Entered a bailey
  7939 | Bailey   | Noticed an orc warlord
  8158 | Bailey   | Found a runed translucent gate.
  8160 | Bailey   | Found a runed translucent gate.
  8162 | Bailey   | Found a runed translucent gate.
  8175 | Bailey   | Reached skill level 5 in Evocations
  8177 | Bailey   | Reached XP level 10. HP: 44/44 MP: 24/24
  8317 | Bailey   | Killed an orc warlord
  8317 | Bailey   | Reached skill level 13 in Stealth
  8570 | Bailey   | Got a fine robe
  8581 | Bailey   | Identified the +2 robe of the First Blessings {*Contam
                  | Str+9 Int-4 Stlth+} (You found it in a bailey)
  8660 | Bailey   | Gained mutation: Armour fits poorly on your strangely
                  | shaped body. [mutagenic glow]
  8769 | D:8      | Reached *** piety under Dithmenos
  9042 | D:8      | Noticed Gastronok
  9065 | D:8      | Killed Gastronok
  9065 | D:8      | Reached skill level 14 in Stealth
  9065 | D:8      | Reached skill level 10 in Hexes
  9442 | D:8      | Found a burning altar of Makhleb.
  9595 | D:9      | Reached XP level 11. HP: 33/48 MP: 25/25
 10008 | D:9      | Found a shimmering altar of Xom.
 10304 | D:10     | Entered Level 10 of the Dungeon
 10375 | D:10     | Noticed a white ugly thing
 10381 | D:10     | Killed a white ugly thing
 10390 | D:10     | Noticed an unseen horror
 10397 | D:10     | Killed an unseen horror
 10476 | D:10     | Reached skill level 15 in Stealth
 10656 | D:10     | Noticed an unseen horror
 10678 | D:10     | Killed an unseen horror
 10678 | D:10     | Reached skill level 10 in Evocations
 10721 | D:10     | Found a staircase to the Lair.
 10819 | D:10     | Found a runed translucent gate.
 10819 | D:10     | Found a runed translucent gate.
 10819 | D:10     | Found a runed translucent gate.
 10819 | D:10     | Noticed a white ugly thing
 10819 | D:10     | Noticed a white ugly thing
 10819 | D:10     | Noticed a brown ugly thing
 10819 | D:10     | Noticed a red ugly thing
 10819 | D:10     | Noticed a white very ugly thing
 10857 | D:10     | Reached **** piety under Dithmenos
 10866 | D:10     | HP: 2/48 [orc warrior/+0 scimitar (22)]
 11316 | D:10     | Noticed Snorg
 11377 | D:10     | Killed Snorg
 11788 | D:10     | Killed a cyan ugly thing
 11792 | D:10     | Mangled by a red ugly thing

Skill      XL: |  1  2  3  4  5  6  7  8  9 10 11 |
---------------+----------------------------------+-----
Spellcasting   | 3 4 5 6 8 9 |  9.3
Stealth        | 5 7 8 9 10 12 14 15 | 15.9
Hexes          | 4 5 7 8 10 12 | 12.1
Evocations     | 1 2 4 5 8 10 | 10.8
Shields        | 2 3 |  3.7
Fighting       | |  0.6
Short Blades   | |  1.5
Dodging        | |  3.0

Action                   |  1- 3 |  4- 6 |  7- 9 | 10-12 || total
-------------------------+-------+-------+-------+-------++-------
Melee: Dagger            |    82 |   109 |   204 |   257 ||   652
 Cast: Corona            |     4 |       |       |       ||     4
       Ensorcelled Hiber |    11 |    53 |   125 |    42 ||   231
       Confuse           |       |     1 |    33 |    55 ||    89
 Abil: Evoke Invisibilit |       |       |     1 |     4 ||     5
  Use: Scroll            |       |       |     6 |     1 ||     7
       Potion            |       |       |     3 |       ||     3
 Stab: Distracted        |     3 |       |     2 |     1 ||     6
       Sleeping          |    15 |    43 |    77 |    63 ||   198
       Confused          |       |       |    14 |    25 ||    39
       Invisible         |       |       |     3 |    15 ||    18
  Eat: Ration            |       |     3 |       |     6 ||     9
Armor: Robe              |    13 |    11 |    23 |     3 ||    50
       Skin              |       |       |       |    15 ||    15
Dodge: Dodged            |    78 |    80 |   135 |   137 ||   430
Block: Buckler           |    10 |    22 |    54 |    57 ||   143
